 Dungeon Crawl Stone Soup version 0.25.1-2-g60ff931df9 (webtiles) character file.

Game seed: 18040443233116052606

190226 gruber the Thaumaturge (level 18, -1/120 HPs)
             Began as an Octopode Venom Mage on Sept 22, 2020.
             Was an Elder of Vehumet.
             Slain by an alligator snapping turtle (44 damage)
             ... on level 4 of the Shoals.
             The game lasted 01:11:05 (42502 turns).

gruber the Thaumaturge (Octopode Venom Mage)       Turns: 42502, Time: 01:11:05

Health: -1/120     AC:  9    Str:  4    XL:     18   Next: 16%
Magic:  25/45      EV: 19    Int: 35    God:    Vehumet [****..]
Gold:   2341       SH:  0    Dex: 14    Spells: 11/45 levels left

rFire    + . .     SeeInvis .   Z - +8 spear of the Witching Genius {vorpal, Stlth+}
rCold    . . .     Gourm    .   (no shield)
rNeg     + . .     Faith    .   (helmet restricted)
rPois    +         Spirit   .   G - amulet of the acrobat
rElec    .         Reflect  .   j - +4 ring of protection
rCorr    .         Harm     .   H - ring of fire
MR       ++...                  v - +4 ring of protection
Stlth    +++++++++.             w - ring of magical power
HPRegen  0.30/turn              y - ring of Cuyts {rC+ rN+ MR+ Str-4 Int+6}
MPRegen  0.29/turn              E - +6 ring of intelligence
                                K - ring of poison resistance
                                I - ring of wizardry

@: no status effects
A: almost no armour, stealthy swim, amphibious, 8 rings, constrict 8, camouflage
1, gelatinous body 1
}: 1/15 runes: barnacled
a: Renounce Religion


You were on level 4 of the Shoals.
You worshipped Vehumet.
Vehumet was greatly pleased with you.
You were near starving.

You visited 6 branches of the dungeon, and saw 31 of its levels.
You also visited: Ice Cave.

You collected 3828 gold pieces.
You spent 1487 gold pieces at shops.

Inventory:

Hand Weapons
 Z - the +8 spear of the Witching Genius (weapon) {vorpal, Stlth+}
   (You bought it in a shop on level 14 of the Dungeon)

   It inflicts extra damage upon your enemies.
   It makes you more stealthy.
Missiles
 A - 19 javelins (quivered)
 V - 10 curare-tipped darts
Armour
 J - a +2 kite shield
Magical Staves
 T - an uncursed staff of conjuration
Jewellery
 j - a +4 ring of protection (left tentacle)
 v - a +4 ring of protection (on tentacle)
 w - a ring of magical power (on tentacle)
 y - the ring of Cuyts (on tentacle) {rC+ rN+ MR+ Str-4 Int+6}
   (You bought it in a shop on level 4 of the Dungeon)

   [ring of intelligence]

   It affects your strength (-4).
   It affects your intelligence (+6).
   It protects you from cold.
   It protects you from negative energy.
   It affects your resistance to hostile enchantments.
 E - a +6 ring of intelligence (on tentacle)
 G - an amulet of the acrobat (around mantle)
 H - a ring of fire (right tentacle)
 I - a ring of wizardry (on tentacle)
 K - a ring of poison resistance (on tentacle)
 W - an uncursed ring of ice
Wands
 t - a wand of random effects (6)
 D - a wand of clouds (10)
 L - a wand of enslavement (8)
 O - a wand of flame (42)
 P - a wand of digging (7)
 X - a wand of disintegration (23)
 Y - a wand of polymorph (10)
Scrolls
 a - 5 scrolls of enchant armour
 c - 4 scrolls of identify
 d - 14 scrolls of teleportation
 g - 5 scrolls of amnesia
 h - 2 scrolls of holy word
 k - 5 scrolls of fear
 o - 3 scrolls of blinking
 q - 18 scrolls of remove curse
 r - 2 scrolls of noise
 x - 2 scrolls of enchant weapon
 z - 10 scrolls of magic mapping
 B - 5 scrolls of fog
 Q - 5 scrolls of immolation
 R - a scroll of vulnerability
Potions
 e - 8 potions of lignification
 f - 3 potions of magic
 i - 4 potions of haste
 l - 5 potions of might
 m - 3 potions of berserk rage
 p - 11 potions of curing
 s - 2 potions of mutation {unknown}
 u - 8 potions of brilliance
 C - 6 potions of heal wounds
 F - 3 potions of resistance
 N - 5 potions of cancellation
 S - 6 potions of flight
 U - 2 potions of stabbing
Comestibles
 b - 39 rations


   Skills:
 - Level 10.0 Fighting
 - Level 9.0 Dodging
 - Level 14.0 Stealth
 - Level 14.1 Spellcasting
 - Level 10.1 Conjurations
 - Level 1.0 Transmutations
 * Level 12.4 Fire Magic
 - Level 12.1 Earth Magic
 - Level 13.0 Poison Magic
 - Level 8.1 Evocations


You had 11 spell levels left.
You knew the following spells:

 Your Spells              Type           Power        Failure   Level  Hunger
a - Sting                 Tmut/Pois      ####         1%          1    None
b - Ignite Poison         Fire/Tmut/Pois #######.     1%          3    None
c - Mephitic Cloud        Conj/Pois/Air  ######..     1%          3    None
d - Olgreb's Toxic Radia  Pois           #######.     1%          4    None
e - Fireball              Conj/Fire      ########..   1%          5    None
f - Airstrike             Air            ###.......   1%          4    None
g - Iron Shot             Conj/Erth      #######...   1%          6    ##.....
h - Ignition              Fire           ########..   8%          8    ######.

Your spell library contained the following spells:

 Spells                   Type           Power        Failure   Level  Hunger
 Foxfire                  Conj/Fire      ####         0%          1    None
 Animate Skeleton         Necr           N/A          1%          1    None
 Beastly Appendage        Tmut           ####..       1%          1    None
 Freeze                   Ice            ###.         1%          1    None
 Pain                     Necr           ###.         1%          1    None
 Summon Butterflies       Summ           ###.....     1%          1    None
 Summon Small Mammal      Summ           ###.         1%          1    None
 Call Imp                 Summ           ###.....     1%          2    None
 Poisonous Vapours        Pois/Air       ######       1%          2    None
 Call Canine Familiar     Summ           ###.....     1%          3    None
 Conjure Flame            Conj/Fire      ########     1%          3    None
 Frozen Ramparts          Ice            ###...       1%          3    None
 Inner Flame              Hex/Fire       #######.     1%          3    None
 Ozocubu's Armour         Chrm/Ice       ###.....     1%          3    None
 Spider Form              Tmut/Pois      ######....   1%          3    None
 Summon Guardian Golem    Hex/Summ       ###.....     1%          3    None
 Vampiric Draining        Necr           ###.......   1%          3    None
 Hailstorm                Conj/Ice       ######..     1%          4    None
 Sticky Flame             Conj/Fire      ########     1%          4    None
 Yara's Violent Unravell  Hex/Tmut       ####......   4%          5    None
 Ice Form                 Ice/Tmut       ####....     5%          4    None
 Animate Dead             Necr           N/A          6%          4    None
 Cause Fear               Hex            ###.......   6%          4    None
 Summon Ice Beast         Ice/Summ       ###.....     6%          4    None
 Summon Lightning Spire   Summ/Air       ###.....     6%          4    None
 Statue Form              Tmut/Erth      ######...    7%          6    ##.....
 Freezing Cloud           Conj/Ice/Air   #####.....   8%          6    ##.....
 Agony                    Necr           ###.....     17%         5    None
 Metabolic Englaciation   Hex/Ice        ###.......   17%         5    None
 Silence                  Hex/Air        ###.......   17%         5    None
 Ozocubu's Refrigeration  Ice            ###.......   24%         6    ##.....
 Simulacrum               Ice/Necr       ###.......   65%         6    ##.....
 Discord                  Hex            ###.......   100%        8    ######.
 Dragon's Call            Summ           ###.......   100%        9    #######


Dungeon Overview and Level Annotations

Branches:
Dungeon (15/15)            Temple (1/1) D:7            Lair (6/6) D:11
 Shoals (4/4) Lair:2        Snake (3/4) Lair:4        Slime (0/5) Lair:5
    Orc (2/2) D:12            Elf (0/3) Orc:2        Vaults (0/5) D:14
 Depths (0/5) D:15          IceCv (visited)

Altars:
Ashenzari
Cheibriados
Dithmenos
Elyvilon
Fedhas
Gozag
Hepliaklqana
Kikubaaqudgha
Makhleb
Nemelex Xobeh
Okawaru
Qazlal
Ru
Trog
Uskayaw
Vehumet
Wu Jian
Xom
Zin
Beogh
Lugonu

Shops:
D:4 *   D:11 *   D:12 (   D:14 (   D:15 ?[*:   Orc:2 }?[!   Snake:1 =}}
Snake:2 %

Portals:
Pandemonium: Orc:2

Annotations:
D:3 1 runed translucent door, Crazy Yiuf
D:8 3 runed translucent doors, abarthelme's ghost, novice TrMo
D:11 2 transporters
Lair:3 1 runed translucent door, ma3's ghost, journeyman DEFE
Lair:6 2 runed translucent doors
Snake:3 Bai Suzhen


Innate Abilities, Weirdness & Mutations

You cannot wear most types of armour.
You are very stealthy in the water. (Stealth+)
You are amphibious.
You can wear up to eight rings at the same time.
You can use your tentacles to constrict eight enemies at once.
Your skin changes colour to match your surroundings (Stealth+).
Your rubbery body absorbs attacks. (AC +1, EV +1)


Message History

Confirm with . or Enter, or press ? or * to list all spells.
Aiming: Iron Shot (mildly dangerous; 1% risk of failure)
Press: ? - help, Shift-Dir - straight line, f/p - alligator snapping turtle
Aim: an alligator snapping turtle (flame, heavily wounded)
The iron shot hits the alligator snapping turtle!!
The alligator snapping turtle is severely wounded.
The alligator snapping turtle is engulfed in blazing flames.
The alligator snapping turtle bites you from afar!!
Unknown command.
Unknown command.
Unknown command.
Casting: Iron Shot (mildly dangerous; 1% risk of failure)
Confirm with . or Enter, or press ? or * to list all spells.
Aiming: Airstrike (mildly dangerous; 1% risk of failure)
Press: ? - help, Dir - move target cursor, f/p - alligator snapping turtle
Aim: an alligator snapping turtle (flame, severely wounded)
The air twists around and strikes the alligator snapping turtle but does no damage.
The alligator snapping turtle is engulfed in blazing flames.
The alligator snapping turtle bites you from afar!!!
You die...

≈≈≈≈≈≈≈≈≈##≈≈≈≈≈≈≈#≈≈≈....≈≈##≈.)
≈≈≈≈≈≈≈≈≈≈##≈#≈#(≈##)≈....### #
≈P≈P≈≈≈≈≈≈#≈≈≈.≈≈###≈≈...##
≈≈≈≈≈≈≈≈≈###≈#≈#≈##≈≈≈≈.##
≈≈≈≈≈≈≈≈≈##≈≈[≈≈≈≈#≈≈≈≈≈≈#
≈≈≈≈≈≈≈≈≈###≈###≈###≈≈≈≈##
≈≈P≈P≈≈≈≈≈≈### ###≈≈≈≈≈≈≈#
≈≈≈≈PPP≈P≈≈#######≈≈...≈##
≈≈P≈≈≈PP≈≈≈≈≈○t°@≈≈......## #
≈≈≈≈P≈≈≈≈≈≈≈≈§≈☼≈≈≈).....≈#### #
≈≈≈≈≈P≈≈≈≈≈≈≈≈≈≈≈≈≈.....≈≈≈≈≈####
≈P≈≈≈≈≈≈≈≈≈≈≈≈≈≈≈≈≈≈...≈≈≈≈≈≈≈≈≈≈
≈≈≈≈≈≈≈≈≈≈≈≈≈≈≈≈≈≈≈≈≈≈≈≈≈≈≈≈≈≈≈≈≈
≈≈≈≈≈≈P≈≈≈≈≈≈≈≈≈≈≈≈≈≈≈≈≈≈≈≈≈≈≈≈≈≈
≈≈≈≈≈≈≈≈≈≈≈≈≈≈≈≈≈≈≈≈≈≈≈≈≈≈≈≈≈≈≈≈≈
...≈≈≈≈≈≈≈≈≈≈≈≈≈≈≈≈≈≈≈≈≈≈≈≈≈≈≈≈≈≈
........≈≈≈≈≈≈≈≈≈≈≈≈≈≈≈≈≈≈≈≈≈≈≈≈≈


You could see an alligator snapping turtle.

Vanquished Creatures
  Vashnia (Snake:2)
  Polyphemus (Shoals:3)
  Frances (Shoals:1)
  Kirke (Snake:2)
  Donald (Shoals:2)
  Roxanne (D:14)
  An azure jelly (Shoals:3)
  Aizul (Snake:2)
  A frost giant (Shoals:4)
  A nagaraja (Snake:2)
  An orc warlord (D:12)
  An ironheart preserver (D:14)
  2 very ugly things (IceCv)
  9 merfolk impalers
  2 merfolk javelineers (Shoals:4)
  A fire dragon (D:12)
  6 naga warriors
  Fannar (Lair:2)
  Josephine (Orc:1)
  Erolcha (Orc:1)
  5 hydras
  A rakshasa (D:15)
  2 catoblepae
  Erica (D:8)
  9 two-headed ogres
  2 centaur warriors
  2 merfolk avatars
  4 anacondas
  A death knight (D:13)
  4 merfolk aquamancers
  7 death yaks
  An ogre mage (D:15)
  A satyr (Shoals:4)
  A deep troll earth mage (D:12)
  5 orc high priests (Orc:2)
  Sonja (Orc:1)
  5 naga sharpshooters
  Urug (D:10)
  Nergalle (Lair:3)
  An infernal demonspawn (Orc:2)
  A glowing orange brain (D:15)
  A skeletal warrior (D:13)
  A death drake (shapeshifter) (D:14)
  8 sea snakes
  2 unseen horrors
  6 orc knights
  A wolf spider zombie (D:15)
  A lindwurm (Lair:6)
  2 torturous demonspawn (Orc:2)
  Pikel (D:8)
  4 oklob plants
  A deep elf mage (D:15)
  11 fauns
  3 harpies (Shoals:4)
  6 orc sorcerers (Orc:2)
  2 mana vipers (Snake:2)
  A wolf spider (Lair:4)
  2 salamanders
  4 ugly things
  3 cyclopes
  10 manticores
  4 guardian serpents
  15 merfolk sirens
  5 ice statues (IceCv)
  17 black mambas
  6 elephants (Lair:6)
  A rust devil (Orc:2)
  Psyche (D:10)
  8 naga magi
  3 molten gargoyles (Lair:6)
  3 gargoyles
  5 water nymphs
  An efreet (D:12)
  7 spiny frogs
  8 komodo dragons
  3 rime drakes
  4 freezing wraiths
  A golden dragon simulacrum (IceCv)
  A red devil (Orc:2)
  2 kobold demonologists
  A hellwing (Orc:2)
  2 anaconda simulacra (IceCv)
  An ice devil (Orc:2)
  4 trolls
  3 meliai (D:15)
  A wind drake (shapeshifter) (D:15)
  26 merfolk
  A wind drake (Shoals:1)
  A jumping spider (shapeshifter) (D:15)
  2 hornets
  12 blink frogs
  A raiju (shapeshifter) (D:15)
  7 slime creatures
  6 dream sheep (Lair:6)
  A hippogriff (shapeshifter) (D:14)
  3 snapping turtles
  11 hippogriffs
  7 wraiths
  38 yaks
  A tarantella (shapeshifter) (D:15)
  A spriggan (D:7)
  3 water elementals
  7 basilisks
  6 hogs (Snake:2)
  7 wyverns
  A dire elephant simulacrum (IceCv)
  3 steam dragons (Lair:6)
  2 harpy simulacra (IceCv)
  2 wargs (Orc:1)
  An iron troll simulacrum (IceCv)
  14 nagas
  2 hydra simulacra (IceCv)
  3 hell hounds (Lair:6)
  An acid dragon (D:11)
  10 water moccasins
  11 porcupines
  3 sky beasts
  2 slaves (D:8)
  A floating eye (D:14)
  9 ice beasts
  3 black bears
  A necrophage (D:8)
  40 orc warriors
  2 phantoms
  11 wolves
  14 ogres
  4 crocodiles
  23 centaurs
  A big kobold (D:11)
  19 bullfrogs
  A wyvern zombie (D:6)
  A wyvern skeleton (D:4)
  4 scorpions
  10 killer bees
  3 wights (D:14)
  4 howler monkeys (D:10)
  4 electric eels
  3 bullfrog zombies
  5 lava snakes (Lair:6)
  6 crimson imps
  6 centaur zombies
  6 hounds
  A quasit (D:12)
  A bullfrog skeleton (D:11)
  6 jellies
  34 orc priests
  3 iron imps (D:5)
  22 orc wizards
  6 centaur skeletons
  4 iguanas
  11 worker ants
  A worker ant zombie (D:5)
  28 adders
  4 oozes
  2 adder skeletons
  An adder zombie (D:8)
  2 worms (D:4)
  3 dart slugs
  3 leopard geckos
  106 orcs
  A ball python (D:1)
  9 bats
  2 giant cockroaches
  13 goblins
  7 hobgoblins
  3 jackals (D:6)
  13 kobolds
  A quokka (D:3)
  4 frilled lizards
  A quokka skeleton (D:8)
  4 rats
  A bush (D:14)
  A fungus (Lair:5)
  6 plants
949 creatures vanquished.

Vanquished Creatures (others)
  2 slaves (D:8)
  A bush (Lair:1)
  5 fungi
  21 plants
29 creatures vanquished.

Grand Total: 978 creatures vanquished

Notes
Turn   | Place    | Note
-------+----------+-------------------------------------------
     0 | D:1      | gruber the Octopode Venom Mage began the quest for the Orb.
     0 | D:1      | Reached XP level 1. HP: 11/11 MP: 3/3
   478 | D:1      | Reached XP level 2. HP: 17/17 MP: 5/5
  1166 | D:1      | Reached skill level 5 in Poison Magic
  1166 | D:1      | Reached XP level 3. HP: 21/21 MP: 6/6
  1643 | D:2      | Learned a level 3 spell: Ignite Poison
  1732 | D:2      | Reached XP level 4. HP: 27/27 MP: 4/7
  2151 | D:2      | Learned a level 3 spell: Mephitic Cloud
  2513 | D:3      | Reached XP level 5. HP: 29/31 MP: 8/8
  2605 | D:3      | Found a shimmering altar of Xom.
  2928 | D:3      | Found a runed translucent door.
  2929 | D:3      | Noticed Crazy Yiuf
  3735 | D:4      | Learned a level 4 spell: Olgreb's Toxic Radiance
  3747 | D:4      | Reached XP level 6. HP: 36/36 MP: 12/12
  3898 | D:5      | Entered Level 5 of the Dungeon
  4023 | D:5      | Noticed a phantom
  4407 | D:5      | Reached XP level 7. HP: 41/41 MP: 13/13
  4951 | D:4      | Found Feso's Assorted Antiques.
  4973 | D:4      | Bought a pitted wooden ring for 110 gold pieces
  4973 | D:4      | Identified the ring of Cuyts {rC+ rN+ MR+ Str-4 Int+6} (You
                  | bought it in a shop on level 4 of the Dungeon)
  5287 | D:5      | Found a burning altar of Makhleb.
  5361 | D:5      | Reached skill level 10 in Poison Magic
  5361 | D:5      | Reached XP level 8. HP: 30/46 MP: 14/14
  6070 | D:6      | Found a shattered altar of Ashenzari.
  6142 | D:6      | Reached XP level 9. HP: 29/51 MP: 15/15
  7216 | D:7      | Reached skill level 5 in Spellcasting
  7304 | D:7      | Found a staircase to the Ecumenical Temple.
  8143 | D:8      | Noticed Erica
  8148 | D:8      | Killed Erica
  8148 | D:8      | Reached XP level 10. HP: 56/56 MP: 12/22
  8155 | D:8      | Noticed Pikel
  8158 | D:8      | Killed Pikel
  8178 | D:8      | Learned a level 5 spell: Fireball
  8208 | Temple   | Entered the Ecumenical Temple
  8391 | Temple   | Became a worshipper of Vehumet
  8474 | D:8      | Reached skill level 1 in Fire Magic
  8851 | D:8      | Found a runed translucent gate.
  8851 | D:8      | Found a runed translucent gate.
  8851 | D:8      | Found a runed translucent gate.
  8857 | D:8      | Noticed abarthelme's ghost (novice TrMo)
  9444 | D:9      | Reached * piety under Vehumet
  9444 | D:9      | Offered knowledge of Freeze by Vehumet.
  9867 | D:9      | Reached skill level 5 in Fire Magic
  9905 | D:9      | Offered knowledge of Sandblast by Vehumet.
 10176 | D:10     | Entered Level 10 of the Dungeon
 10178 | D:10     | Reached ** piety under Vehumet
 10296 | D:10     | Killed an unseen horror
 10416 | D:10     | Reached XP level 11. HP: 61/61 MP: 24/24
 10537 | D:10     | Noticed Psyche
 10540 | D:10     | Killed Psyche
 11124 | D:10     | Noticed Urug
 11130 | D:10     | Killed Urug
 11422 | D:11     | Offered knowledge of Stone Arrow by Vehumet.
 11432 | D:11     | Reached skill level 5 in Stealth
 11434 | D:11     | Reached *** piety under Vehumet
 11835 | D:11     | Offered knowledge of Airstrike by Vehumet.
 12016 | D:11     | Found Gyekejin's Assorted Antiques.
 12026 | D:11     | Bought a scroll of identify for 64 gold pieces
 12026 | D:11     | Bought a scroll of identify for 64 gold pieces
 12026 | D:11     | Bought a scroll of identify for 64 gold pieces
 12031 | D:11     | Learned a level 4 spell: Airstrike
 12060 | D:11     | Found a staircase to the Lair.
 12063 | D:11     | Noticed a manticore
 12071 | D:11     | Killed a manticore
 12243 | D:11     | Found a corrupted altar of Lugonu.
 12244 | D:11     | Noticed a worldbinder
 12244 | D:11     | Noticed a white ugly thing
 12250 | D:11     | Noticed a two-headed ogre
 12260 | D:11     | Killed a two-headed ogre
 12275 | D:11     | Reached **** piety under Vehumet
 12380 | D:11     | Found a transporter.
 12383 | D:11     | Found a transporter.
 12384 | D:11     | Noticed a green ugly thing
 12680 | D:12     | Reached skill level 10 in Stealth
 12747 | D:12     | Noticed a deep troll earth mage
 12747 | D:12     | Noticed an orc warlord
 12807 | Lair:1   | Entered Level 1 of the Lair of Beasts
 12973 | Lair:1   | Offered knowledge of Fulminant Prism by Vehumet.
 13016 | Lair:1   | Noticed an eight-headed hydra
 13021 | Lair:1   | Killed an eight-headed hydra
 13021 | Lair:1   | Reached XP level 12. HP: 66/66 MP: 22/25
 13728 | Lair:1   | Reached skill level 1 in Fighting
 13923 | Lair:1   | Reached ***** piety under Vehumet
 14007 | Lair:1   | Offered knowledge of Iskenderun's Mystic Blast by Vehumet.
 14202 | Lair:2   | Noticed Fannar
 14207 | Lair:2   | Killed Fannar
 14332 | Lair:2   | Found a glowing silver altar of Zin.
 14479 | Lair:2   | Reached skill level 5 in Fighting
 14590 | Lair:2   | Noticed a seven-headed hydra
 14759 | Lair:2   | Killed a seven-headed hydra
 14908 | Lair:2   | Found a staircase to the Shoals.
 15336 | Lair:3   | Noticed Nergalle
 15341 | Lair:3   | Killed Nergalle
 15429 | Lair:3   | Found a runed translucent door.
 15429 | Lair:3   | Identified the cursed +2 spear of Action {vorpal, rN+
                  | Int+4}
 15429 | Lair:3   | Noticed a spriggan rider
 15430 | Lair:3   | Noticed ma3's ghost (journeyman DEFE)
 15724 | Lair:3   | You fall into a shaft and drop 2 floors!
 15741 | Lair:4   | Reached XP level 13. HP: 88/88 MP: 25/26
 16700 | Lair:4   | Found a staircase to the Snake Pit.
 17126 | Lair:4   | Reached skill level 10 in Fighting
 17927 | Lair:5   | Found a staircase to the Slime Pits.
 18597 | Lair:6   | Entered Level 6 of the Lair of Beasts
 18601 | Lair:6   | Reached skill level 5 in Dodging
 18995 | Lair:6   | Offered knowledge of Iron Shot by Vehumet.
 19015 | Lair:6   | Learned a level 6 spell: Iron Shot
 19066 | Lair:6   | Reached skill level 1 in Conjurations
 19292 | Lair:6   | Reached XP level 14. HP: 90/99 MP: 8/27
 19774 | Lair:6   | Reached skill level 5 in Conjurations
 20771 | Lair:6   | Found a large runed translucent door.
 20802 | Lair:6   | Found a large runed translucent door.
 21465 | D:12     | Found a staircase to the Orcish Mines.
 21469 | D:12     | Found Sytozous's Weapon Boutique.
 22247 | D:12     | Reached skill level 1 in Earth Magic
 22832 | D:12     | Killed an orc warlord
 23119 | Orc:1    | Entered Level 1 of the Orcish Mines
 23268 | Orc:1    | Offered knowledge of Freezing Cloud by Vehumet.
 23384 | Orc:1    | Noticed Erolcha
 23388 | Orc:1    | Killed Erolcha
 23493 | Orc:2    | Entered Level 2 of the Orcish Mines
 23495 | Orc:2    | Reached skill level 5 in Earth Magic
 23713 | Orc:2    | Found Moxiy's Magic Scroll Shop.
 23715 | Orc:2    | Found Udweuh's Distillery.
 24095 | Orc:2    | Bought a scroll of identify for 34 gold pieces
 24095 | Orc:2    | Bought a scroll of identify for 34 gold pieces
 24097 | Orc:2    | Bought a potion of haste for 130 gold pieces
 24097 | Orc:2    | Bought a potion of brilliance for 52 gold pieces
 24097 | Orc:2    | Bought a potion of heal wounds for 65 gold pieces
 24097 | Orc:2    | Bought a potion of curing for 39 gold pieces
 24097 | Orc:2    | Bought a potion of degeneration for 13 gold pieces
 24379 | Orc:2    | Found a staircase to the Elven Halls.
 24597 | Orc:2    | Found a roughly hewn altar of Beogh.
 24791 | Orc:2    | Reached ****** piety under Vehumet
 25081 | Orc:2    | Reached XP level 15. HP: 103/103 MP: 27/28
 25400 | Orc:2    | Found Igotzumn's Gadget Emporium.
 25400 | Orc:2    | Found Ereos's Antique Armour Shoppe.
 25400 | Orc:2    | Found a one-way gate leading to the halls of Pandemonium.
 25623 | Orc:1    | Noticed Sonja
 25626 | Orc:1    | Killed Sonja
 25626 | Orc:1    | Offered knowledge of Conjure Ball Lightning by Vehumet.
 25631 | Orc:1    | Reached skill level 10 in Earth Magic
 25873 | Orc:1    | Noticed Josephine
 25877 | Orc:1    | Killed Josephine
 27738 | D:14     | Offered knowledge of Bolt of Magma by Vehumet.
 29259 | D:14     | Found a gate to the Vaults.
 29291 | D:14     | Found a sacrificial altar of Ru.
 29383 | D:14     | Found Upte's Antique Weapon Shoppe.
 29388 | D:14     | Bought a bone spear for 232 gold pieces
 29388 | D:14     | Bought a crystal war axe for 246 gold pieces
 29388 | D:14     | Identified the +8 spear of the Witching Genius {vorpal,
                  | Stlth+} (You bought it in a shop on level 14 of the
                  | Dungeon)
 29395 | D:14     | Identified the +3 war axe of Waacig {vorpal, Fragile rElec
                  | rN+ Stlth+} (You bought it in a shop on level 14 of the
                  | Dungeon)
 29515 | D:14     | Identified Roxanne's Almanac of Moulding
 29515 | D:14     | Noticed Roxanne
 29525 | D:14     | Killed Roxanne
 29525 | D:14     | Reached skill level 10 in Spellcasting
 30131 | D:15     | Entered Level 15 of the Dungeon
 30157 | D:15     | Found Oqeilioxi's Magic Scroll Shop.
 30331 | D:15     | Found Uloets's Armour Shop.
 30856 | D:15     | Found Fexuezxi's Assorted Antiques.
 30857 | D:15     | Found Wadigora's Book Boutique.
 30859 | D:15     | Reached XP level 16. HP: 109/109 MP: 31/31
 31214 | D:15     | Offered knowledge of Lee's Rapid Deconstruction by Vehumet.
 31663 | D:15     | Found a staircase to the Depths.
 31885 | Snake:1  | Entered Level 1 of the Snake Pit
 33079 | Snake:1  | Found Jucwiahee's Jewellery Emporium.
 33079 | Snake:1  | Found Egaip's Gadget Boutique.
 33080 | Snake:1  | Found Rinosm's Gadget Boutique.
 33088 | Snake:1  | Bought an uncursed ring of poison resistance for 340 gold
                  | pieces
 33503 | Snake:2  | Found Wodgho Kevve's Food Shop.
 33722 | Snake:2  | Noticed Kirke
 33727 | Snake:2  | Killed Kirke
 33772 | Snake:2  | Noticed Vashnia
 33940 | Snake:2  | Killed Vashnia
 34400 | Snake:2  | Noticed a nagaraja
 34405 | Snake:2  | Killed a nagaraja
 35073 | Snake:2  | Noticed Aizul
 35089 | Snake:2  | Killed Aizul
 35520 | Snake:3  | Reached skill level 1 in Evocations
 35813 | Snake:3  | Noticed Bai Suzhen
 35953 | Shoals:1 | Entered Level 1 of the Shoals
 36011 | Shoals:1 | Reached XP level 17. HP: 112/115 MP: 35/35
 36145 | Shoals:1 | Reached skill level 5 in Evocations
 37111 | Shoals:1 | Noticed Frances
 37118 | Shoals:1 | Killed Frances
 37887 | Shoals:2 | Noticed Donald
 37894 | Shoals:2 | Killed Donald
 38429 | Shoals:3 | Noticed Polyphemus
 38477 | Shoals:3 | Found a frozen archway.
 38481 | Shoals:3 | Offered knowledge of Ignition by Vehumet.
 38497 | Shoals:3 | Learned a level 8 spell: Ignition
 38498 | IceCv    | Entered an ice cave
 38503 | IceCv    | Reached skill level 10 in Conjurations
 39162 | IceCv    | Identified the Almanac of Calling and the Glacier
 39341 | Shoals:3 | Killed Polyphemus
 39362 | Shoals:3 | Reached skill level 10 in Fire Magic
 40027 | Shoals:4 | Entered Level 4 of the Shoals
 40275 | Shoals:4 | HP: 3/115 [merfolk impaler/+3 demon trident of freezing
                  | (4)]
 41236 | Shoals:4 | Reached XP level 18. HP: 73/120 MP: 36/36
 41804 | Shoals:4 | Got a barnacled rune of Zot
 42502 | Shoals:4 | Slain by an alligator snapping turtle

Illustrated notes

Levels and vault maps discovered:
D:1:      minmay_arrival_widening_spiral_wide, layout_basic,
          minmay_strange_pillars, nrook_campfire, nrook_mini_vaults,
          hangedman_abyss_or_decor_stabs, minmay_shallow_snake_nest
D:2:      layout_rooms, first_ration
D:3:      layout_basic, tgw_xom, uniq_crazy_yiuf_cottage
D:4:      layout_rooms, serial_shops, shop_statue
D:5:      layout_basic, demons_altar, kennysheep_generic_room_11
D:6:      layout_basic, evilmike_ruin_ashenzari
D:7:      layout_basic, minmay_temple_entry_glass,
          hangedman_abyss_or_decor_lesser_grid, the_bakery, st_stairs_1
D:8:      layout_basic, ebering_ghost_rock_garden, enter_bailey_2,
          kennysheep_opposing_triangles, uniq_erica, uniq_pikel
D:9:      layout_loops_ring, minmay_orc_keep
D:10:     layout_grid_maze, uniq_urug, uniq_psyche
D:11:     gammafunk_corrupted_shrine, layout_cave_pods, serial_shops, shop
D:12:     minmay_glassy_protrusions, layout_long_grid, orc_david_3
D:13:     layout_loops_ring, minivault_22, grunt_tough_drop
D:14:     layout_basic, skrybe_vaults_entry_preservation, serial_shops,
          shop_statue, nicolae_ru_awakened_eye, disabler_island, uniq_roxanne
D:15:     gammafunk_enter_depths_forms, layout_basic, abandoned_shop,
          serial_shops, nicolae_shop_crystal, shop, shop, shop
Temple:   kilobyte_greek_temple
Lair:1:   layout_misc_corridors, beast_lair_carwin_3
Lair:2:   layout_cave_shapes, elwin_shoals_entry_rooms, lemuel_centaur_altar,
          uniq_fannar
Lair:3:   layout_regular_city, ebering_ghost_funeral_grove, st_stairs_13,
          lemuel_fruit_fields, uniq_nergalle
Lair:4:   minmay_lair_venomous_thicket, layout_regular_city,
          guppyfry_snake_entry_island, infiniplex_staircase_pool
Lair:5:   layout_cellular_growth, nicolae_slime_entry_slimehenge,
          chequers_serial_rivers_small_b, grunt_megastairs_2, lemuel_fruit_tree
Lair:6:   cheibrodos_lair_end_hotspot, layout_regular_city,
          grunt_forest_small_clearings
Shoals:1: layout_shoals, nicolae_shoals_arrival_archipelago, uniq_frances
Shoals:2: layout_shoals, uniq_donald
Shoals:3: layout_shoals, portal_ice_cave_entry_frozen_things, uniq_polyphemus
Shoals:4: shoals_end_grunt_ice, layout_shoals
Snake:1:  layout_misc_corridors, grunt_ministairs_4, hangedman_snake_pattern,
          st_stairs_6, nicolae_snake_squiggles, serial_bayou_crossing,
          minmay_shop_grove
Snake:2:  layout_concentric_octagons, serial_shops, shop, uniq_kirke,
          uniq_aizul, uniq_vashnia
Snake:3:  layout_concentric_octagons, ebering_ghost_rock_garden, st_stairs_3,
          minmay_snake_pond, uniq_bai_suzhen
Orc:1:    layout_diamond_mine, uniq_erolcha, uniq_josephine, uniq_sonja
Orc:2:    pf_orc_diabolical, layout_caves, basic_altar, special_room

Skill      XL: |  1  2  3  4  5  6  7  8  9 10 11 12 13 14 15 16 17 18 |
---------------+-------------------------------------------------------+-----
Poison Magic   | 4 5 6 8 10 12 13 | 13.0
Spellcasting   | 4 8 9 11 14 | 14.1
Fire Magic     | 7 9 11 12 | 12.4
Stealth        | 11 14 | 14.0
Fighting       | 8 10 | 10.0
Dodging        | 9 |  9.0
Conjurations   | 3 7 8 10 | 10.1
Earth Magic    | 8 12 | 12.1
Evocations     | 3 8 |  8.1
Transmutations | |  1.0

Action                   |  1- 3 |  4- 6 |  7- 9 | 10-12 | 13-15 | 16-18 || total
-------------------------+-------+-------+-------+-------+-------+-------++-------
Melee: Unarmed           |    63 |    61 |       |       |       |       ||   124
       Constrict         |    19 |    19 |    22 |    19 |    21 |     1 ||   101
       Tentacles         |    13 |    17 |    19 |    20 |    30 |     5 ||   104
       Short sword       |       |    21 |   110 |       |       |       ||   131
       Dagger            |       |       |       |    35 |       |       ||    35
       Scimitar          |       |       |       |    12 |       |       ||    12
       Whip              |       |       |       |    52 |       |       ||    52
       Staff             |       |       |       |     9 |    58 |       ||    67
       Demon trident     |       |       |       |       |   106 |       ||   106
       Spear             |       |       |       |       |    10 |    53 ||    63
 Cast: Sting             |    14 |    76 |     5 |     5 |     6 |       ||   106
       Olgreb's Toxic Ra |       |     3 |    32 |    91 |   148 |    98 ||   372
       Mephitic Cloud    |       |       |    15 |     6 |     8 |     8 ||    37
       Ignite Poison     |       |       |    26 |    73 |   163 |   145 ||   407
       Fireball          |       |       |       |    36 |    82 |   131 ||   249
       Airstrike         |       |       |       |     7 |    92 |    57 ||   156
       Iron Shot         |       |       |       |       |    91 |   103 ||   194
Evoke: Wand              |       |       |     7 |       |     5 |     6 ||    18
  Use: Scroll            |       |       |     4 |       |     2 |    23 ||    29
 Stab: Sleeping          |     9 |     4 |       |     4 |       |     2 ||    19
       Distracted        |       |     1 |     1 |       |     1 |     1 ||     4
       Confused          |       |       |       |       |       |     1 ||     1
  Eat: Chunk             |     3 |     9 |    12 |    24 |    50 |    23 ||   121
       Ration            |       |       |     1 |     1 |     7 |     6 ||    15
Armor: Skin              |    21 |    32 |    22 |    39 |    47 |    26 ||   187
Dodge: Dodged            |    50 |    66 |    51 |    97 |   194 |   173 ||   631
       Rpst.: Scimitar   |       |       |       |     2 |       |       ||     2
